 Dungeon Crawl Stone Soup version 0.31-a0-981-geadf994542 (webtiles) character file.

Game seed: 292296716455763551

2 Xavori the Trooper (level 1, 0/20 HPs)
             Began as a Djinni Chaos Knight on Nov 1, 2023.
             Was a Plaything of Xom.
             Slain by a hobgoblin (2 damage)
             ... on level 1 of the Dungeon.
             The game lasted 00:00:05 (53 turns).

Xavori the Trooper (Djinni Chaos Knight)              Turns: 53, Time: 00:00:06

Health: 0/20       AC:  5    Str: 11    XL:     1   Next: 44%
Gold:   6          EV: 11    Int: 13    God:    Xom [..*...] SH:  0 Dex: 12

rFire   + + .        a - +0 falchion (chaos)
rCold   x . .        (no shield)
rNeg    . . .        b - +2 leather armour
rPois   ∞            (no helmet)
rElec   .            (no cloak)
rCorr   .            (no gloves)
SInv    .            (boots unavailable)
Will    .....        (no amulet)
Stlth   +            (no ring)
HPRegen 0.23/turn    (no ring)
MPRegen 0.00/turn

%: infuse magic (-1 HP)
@: flying
A: sickness immunity, fire resistance 2, cold vulnerability 1, float, innate
caster, HP casting, extra vitality 1
a: Renounce Religion


You were on level 1 of the Dungeon.
You worshipped Xom.
You were a toy of Xom.
You visited 1 branch of the dungeon, and saw 1 of its levels.

You collected 6 gold pieces.

Inventory:

Hand Weapons
 a - a +0 falchion of chaos (weapon)
Armour
 b - a +2 leather armour (worn)
Scrolls
 c - a scroll of butterflies
Potions
 d - 2 potions of might {unknown}
 e - a potion of mutation {unknown}


   Skills:
 + Level 3.0 Fighting
 + Level 2.6 Long Blades
 + Level 1.0 Armour
 + Level 2.1 Dodging
 * Level 0.0 Spellcasting
 * Level 0.0 Conjurations
 * Level 0.0 Hexes
   Level 0.0 Charms
 * Level 0.0 Summonings
 * Level 0.0 Necromancy
 * Level 0.0 Translocations
 * Level 0.0 Transmutations
 * Level 0.0 Fire Magic
 * Level 0.0 Ice Magic
 * Level 0.0 Air Magic
 * Level 0.0 Earth Magic
 * Level 0.0 Poison Magic You didn't know any spells. Your spell library was empty.

Dungeon Overview and Level Annotations

Branches:
Dungeon (1/15)

Altars:
Cheibriados


Innate Abilities, Weirdness & Mutations

You are immune to sickness and miasma.
You are immune to poison.
Your flesh is very heat resistant. (rF++)
You are vulnerable to cold. (rC-)
You float through the air rather than walking.
You learn spells naturally, not from books.
Your magical power is your life essence.
You have superior vitality. (+4 MHP)


Message History

The jackal closely misses you. x2; The hobgoblin hits you.
The jackal bites you but does no damage.
The jackal misses you.
Unknown command.
You barely miss the jackal. The hobgoblin barely misses you.
The jackal closely misses you. x2; The hobgoblin barely misses you.
Unknown command.
You hit the jackal.
The jackal is heavily wounded.
The jackal misses you. The jackal bites you.
The jackal bites you but does no damage.
The jackal barely misses you. The hobgoblin hits you.
Unknown command.
You barely miss the jackal.
The jackal is heavily wounded.
The jackal bites you but does no damage. x2
The hobgoblin hits you but does no damage.
The jackal bites you but does no damage.
Unknown command.
You hit the jackal.
You kill the jackal!
The jackal closely misses you. The hobgoblin hits you.
The quokka bites you but does no damage.
Unknown command.
You are too injured to fight recklessly!
You are too injured to fight recklessly!
You are too injured to fight recklessly!
You hit the jackal.
The jackal is severely wounded.
The jackal bites you but does no damage.
The hobgoblin hits you.
* * * LOW HITPOINT WARNING * * *
The quokka misses you. The jackal closely misses you.
You hit the quokka.
The quokka resists with significant effort.
The quokka is severely wounded.
The jackal closely misses you. The quokka bites you.
* * * LOW HITPOINT WARNING * * *
The hobgoblin hits you.
You die...

###### ##...§§≈
#....#####....§§§
#.............≈§§
#...............≈
####...............§
#####...)...##.###......
......##.#####.# ##.#.##
##.....>.# #.# #.#.<#
......†@.# #.# #.....
#.....rgh# #.# ##...#
#$.......# #.# #####
.......#.# .# .........#
#........# #...... .#
##..... .#


You could see a quokka, a jackal and a hobgoblin.

Vanquished Creatures
  2 jackals (D:1)
2 creatures vanquished.

Notes
Turn   | Place    | Note
-------+----------+-------------------------------------------
     0 | D:1      | Xavori the Djinni Chaos Knight began the quest for the Orb.
     0 | D:1      | Reached XP level 1. HP: 20/20 MP: 0/0
    19 | D:1      | Found a snail-covered altar of Cheibriados.
    53 | D:1      | Slain by a hobgoblin

Illustrated notes

Levels and vault maps discovered:
D:1:      dpeg_arrival_lava_altar, layout_rooms, nrook_loot_triangle,
          minmay_tetromino_o4

Action                     || total
---------------------------++-------
  Melee: Falchion          ||    12
         Punch             ||     1
 Armour: Leather armour    ||    25
  Dodge: Dodged            ||    23

Table legend: (Time is in decaauts)
 A = Elapsed time spent in this place.
 B = Non-inter-level travel time spent in this place.
 C = Inter-level travel time spent in this place.
 D = Time resting spent in this place.
 E = Time spent auto-exploring this place.
 F = Levels seen in this place.
 G = Mean time per level.
                   A        B        C        D        E       F      G
               +--------+--------+--------+--------+--------+-----+--------+
         Total |     54 |     54 |      0 |      0 |     34 |   1 |   54.0 |
       Dungeon |     54 |     54 |      0 |      0 |     34 |   1 |   54.0 |
               +--------+--------+--------+--------+--------+-----+--------+

Top non-repeatable levels by time:
     D:1: 54 daAuts
